 Dungeon Crawl Stone Soup version 0.29.0-4-gdea44cf6ec (webtiles) character file.

Game seed: 3802344684734704910

15925 qw the Severer (level 12, -2/105 (112) HPs)
             Began as a Minotaur Berserker on Sept 4, 2022.
             Was an Elder of Trog.
             Blown up by Sonja (3 damage)
             ... with a mindburst bolt
             ... on level 2 of the Lair of Beasts.
             The game lasted 00:03:39 (13476 turns).

qw the Severer (Minotaur Berserker)                Turns: 13476, Time: 00:03:39

HP:   -2/105 (112)  AC: 16    Str: 31    XL:     12   Next: 5%
MP:   11/11         EV:  3    Int:  2    God:    Trog [****..]
Gold: 341           SH:  0    Dex: 12    Spells: 11/11 levels left

rFire   . . .      SeeInvis +   Y - +0 war axe
rCold   . . .      Faith    .   n - +0 tower shield
rNeg    . . .      Spirit   .   f - +0 plate armour
rPois   .          Reflect  .   c - +2 hat {SInv}
rElec   .          Harm     .   h - scarf {repulsion}
rCorr   .          Rampage  .   (no gloves)
Will    .....                   (no boots)
Stlth   ..........              m - amulet of regeneration
HPRegen 1.07/turn               g - +4 ring of slaying {mikee}
MPRegen 0.12/turn               s - +6 ring of strength

@: lethally poisoned (-2 -> -20), about to teleport, on berserk cooldown, held,
slowed, drained, repel missiles, very slow
A: horns 2, retaliatory headbutt, dopey 1
a: Renounce Religion, Berserk, Trog's Hand, Brothers in Arms


You were on level 2 of the Lair of Beasts.
You worshipped Trog.
Trog was greatly pleased with you.
You visited 2 branches of the dungeon, and saw 12 of its levels.

You collected 679 gold pieces.
You spent 338 gold pieces at shops.


Innate Abilities, Weirdness & Mutations

You have a pair of horns on your head.
You reflexively headbutt those who attack you in melee.
You are dopey. (Int -2)


   Skills:
 - Level 12.0 Fighting
 - Level 16.0 Axes
 - Level 4.2 Throwing
 - Level 9.9 Armour
 - Level 5.7 Dodging
 + Level 4.6 Shields


You had 11 spell levels left.
You didn't know any spells.
Your spell library was empty.

Inventory:

Hand Weapons
 j - a +1 vorpal flail
 Y - a +0 war axe (weapon)
Missiles
 i - 12 boomerangs (quivered)
Armour
 c - a +2 hat of see invisible (worn)
 e - a +2 cloak of stealth
 f - a +0 plate armour (worn)
 h - a scarf of repulsion (worn)
 n - a +0 tower shield (worn)
 q - the +5 scale mail of Ehamuig {rPois rCorr Str+3 Int-5}
   (You found it on level 4 of the Dungeon)

   Str:       It affects your strength (+3).
   Int:       It affects your intelligence (-5).
   rPois:     It protects you from poison.
   rCorr:     It protects you from acid and corrosion.
Jewellery
 g - a +4 ring of slaying (left hand) {mikee}
 m - an amulet of regeneration (around neck)
 o - a ring of protection from fire
 s - a +6 ring of strength (right hand)
Scrolls
 a - 2 scrolls of identify
 t - a scroll of teleportation
Potions
 b - 5 potions of curing
 d - 7 potions of heal wounds
 k - 3 potions of haste
 l - 3 potions of resistance
 v - a potion of mutation

Dungeon Overview and Level Annotations

Branches:
Dungeon (10/15)            Temple (0/1) D:6            Lair (2/5) D:10
 Shoals (0/4) Lair:2       Spider (0/4) Lair:2
    Orc: D:9-12

Altars:
Cheibriados
Dithmenos
Elyvilon
Fedhas
Makhleb
Okawaru
Sif Muna
Trog
Vehumet
Xom
Yredelemnul
Zin

Shops:
D:8 !

Annotations:
D:2 1 runed translucent door, Crazy Yiuf
D:7 1 runed translucent door, qw's ghost, amateur MiFi
D:10 3 runed translucent doors, qw's ghost, journeyman FoCA; qw's ghost, novice MiFi
Lair:2 Sonja


Message History

The jumping spider barely misses you. The black mamba bites you.
You are poisoned.
The black mamba poisons you!
The jumping spider pounces on you but does no damage.
The jumping spider completely misses you.
You struggle to detach yourself from the web.
You feel a strong urge to attack something.
You feel very sick.
The jumping spider leaps!
The black mamba bites you.
You are more poisoned.
The black mamba poisons you!
The jumping spider pounces on you but does no damage.
The jumping spider bites you but does no damage.
The jumping spider leaps!
You struggle to detach yourself from the web.
You feel very sick. The black mamba bites you.
You are more poisoned.
The black mamba poisons you!
The jumping spider leaps!
The jumping spider pounces on you but does no damage.
The jumping spider bites you but does no damage.
The jumping spider leaps!
The black mamba bites you!
The web tears apart.
You feel your anger nearly subside.
You are no longer berserk.
You are exhausted.
You feel yourself slow down.
You feel extremely sick. You block the jumping spider's attack.
The jumping spider bites you. The jumping spider pounces on you.
You are caught in a web!
The jumping spider bites you but does no damage.
The black mamba bites you but does no damage.
The jumping spider leaps! x2
13476 ||| READING 2 scrolls of teleportation.
As you read the scroll of teleportation, it crumbles to dust.
You feel strangely unstable.
You feel extremely sick. The jumping spider pounces on you!
The jumping spider barely misses you.
The black mamba bites you but does no damage.
The jumping spider leaps!
Sonja zaps a wand.
Your mind is blasted!
You die...

#. ....... ^# .#
....... #s# #.
....... ^#.##s##
.......
#..0~..##.......
..>s~...........
..s~0..S.....#
#...@....##
##.00s....#
##..K####...#
#.#..# #..
##..## .
########.0.#
##.##..##..P#
#.........s##
#...P.....#.#


You could see a culicivora, a black mamba, 4 jumping spiders, Sonja and a
redback.

Vanquished Creatures
  Gastronok (D:8)
  A boulder beetle (Lair:1)
  A two-headed ogre (D:10)
  A cane toad (Lair:2)
  2 komodo dragons (Lair:1)
  2 gargoyles
  A hornet (D:8)
  2 trolls
  Prince Ribbit (D:5)
  Sigmund (D:2)
  4 wyverns
  A wraith (D:10)
  23 yaks
  4 basilisks
  Eustachio (D:4)
  Grum (D:8)
  2 steam dragons
  Menkaure (D:4)
  Duvessa (D:4)
  A sky beast (D:7)
  9 water moccasins
  5 black bears
  An orc warrior (D:10)
  2 ogres
  11 wolves
  4 centaurs
  2 phantoms
  3 kobold brigands
  9 bullfrogs
  3 scorpions
  8 wights
  Dowan (D:4)
  16 killer bees
  3 vampire bats (D:3)
  3 howler monkeys (D:10)
  A centaur zombie (D:6)
  2 hounds
  An orc priest (D:10)
  An iron imp (D:10)
  Jessica (D:3)
  An iguana (D:5)
  Terence (D:3)
  Natasha (D:2)
  5 orc wizards
  A howler monkey zombie (D:6)
  A gnoll (D:3)
  9 adders
  2 shadow imps
  A white imp (D:8)
  An ufetubus (D:4)
  2 worms (D:2)
  A dart slug (D:3)
  13 orcs
  5 ball pythons
  8 bats
  6 endoplasms
  3 giant cockroaches
  3 goblins
  10 hobgoblins
  8 jackals (D:1)
  2 quokkas
  3 frilled lizards
  22 kobolds
  4 rats
251 creatures vanquished.

Vanquished Creatures (others)
  An orc (D:6)
  A demonic plant (D:2)
  3 fungi
  16 plants
  8 withered plants
29 creatures vanquished.

Grand Total: 280 creatures vanquished

Notes
Turn   | Place    | Note
-------+----------+-------------------------------------------
     0 | D:1      | qw the Minotaur Berserker began the quest for the Orb.
     0 | D:1      | Reached XP level 1. HP: 19/19 MP: 0/0
     0 | D:1      | 0 ||| qw: Version: 0.1-a-103-gd6f5d3a
     0 | D:1      | 0 ||| qw: Game counter: 5653
     0 | D:1      | 0 ||| qw: Always use a shield: true
     0 | D:1      | 0 ||| qw: Do Orc after D:15 true
     0 | D:1      | 0 ||| qw: Do second Lair branch before Depths: true
     0 | D:1      | 0 ||| qw: Lair rune preference: random
     0 | D:1      | 0 ||| qw: Plans: Normal
     0 | D:1      | 0 ||| PLANNING D:1-11
   100 | D:1      | Reached skill level 4 in Axes
   268 | D:1      | 268 ||| Stepping ~*~*~tactically~*~*~ (stealth).
   269 | D:1      | 269 ||| Stepping ~*~*~tactically~*~*~ (stealth).
   270 | D:1      | 270 ||| Stepping ~*~*~tactically~*~*~ (stealth).
   277 | D:1      | Reached XP level 2. HP: 20/26 MP: 1/1
   286 | D:1      | 286 ||| INVOKING Berserk.
   299 | D:1      | 299 ||| Stepping ~*~*~tactically~*~*~ (stealth).
   301 | D:1      | 301 ||| Stepping ~*~*~tactically~*~*~ (stealth).
   302 | D:1      | 302 ||| Stepping ~*~*~tactically~*~*~ (stealth).
   304 | D:1      | 304 ||| Stepping ~*~*~tactically~*~*~ (stealth).
   311 | D:1      | 311 ||| Stepping ~*~*~tactically~*~*~ (stealth).
   312 | D:1      | 312 ||| Stepping ~*~*~tactically~*~*~ (stealth).
   528 | D:1      | 528 ||| Stepping ~*~*~tactically~*~*~ (stealth).
   641 | D:1      | Reached skill level 5 in Axes
  1099 | D:1      | 1099 ||| UPGRADING to +0 ring mail.
  1109 | D:1      | 1109 ||| DROPPING +0 animal skin.
  1110 | D:1      | 1110 ||| UPGRADING to scarf of repulsion.
  1115 | D:1      | 1115 ||| READING scroll labelled KOITAVOTZE.
  1116 | D:1      | 1116 ||| READING scroll labelled ULIGHE VUZYM.
  1140 | D:2      | Noticed Sigmund
  1141 | D:2      | 1141 ||| INVOKING Berserk.
  1159 | D:2      | Killed Sigmund
  1160 | D:2      | Reached skill level 7 in Axes
  1160 | D:2      | Reached XP level 3. HP: 12/31 MP: 2/2
  1160 | D:2      | Reached XP level 4. HP: 15/39 MP: 3/3
  1160 | D:2      | Reached XP level 5. HP: 18/45 MP: 4/4
  1205 | D:2      | Noticed a phantom
  1206 | D:2      | 1206 ||| FLEEEEING.
  1207 | D:2      | 1207 ||| STAIRDANCE
  1401 | D:2      | Killed a phantom
  1402 | D:2      | Reached XP level 6. HP: 45/55 MP: 5/5
  1402 | D:2      | 1402 ||| STAIRDANCE
  1482 | D:2      | 1482 ||| READING scroll of enchant weapon.
  1482 | D:2      | 1482 ||| ENCHANTING +1 hand axe.
  1494 | D:2      | Found a faded altar of an unknown god.
  1494 | D:2      | Noticed a Brimstone Fiend
  1702 | D:2      | Noticed Natasha
  1705 | D:2      | 1705 ||| INVOKING Berserk.
  1708 | D:2      | Killed Natasha
  2014 | D:2      | Found a runed translucent door.
  2015 | D:2      | Noticed Crazy Yiuf
  2104 | D:2      | Reached ** piety under Trog
  2112 | D:2      | Identified the +0 ring mail of Vielee {rC- rCorr Dex+6
                  | Stlth+}
  2306 | D:2      | Reached skill level 8 in Axes
  2400 | D:2      | 2400 ||| UPGRADING to +0 plate armour.
  2410 | D:2      | 2410 ||| DROPPING +0 ring mail.
  2411 | D:2      | 2411 ||| READING 2 scrolls labelled QURUAH UDUPARPH.
  2412 | D:2      | 2412 ||| READING scroll labelled SIFUSS DOOBLE.
  2413 | D:2      | 2413 ||| DRINKING 2 cyan potions.
  2414 | D:2      | 2414 ||| READING 3 scrolls of identify.
  2414 | D:2      | 2414 ||| IDENTIFYING black potion
  2415 | D:2      | 2415 ||| READING 2 scrolls of identify.
  2415 | D:2      | 2415 ||| IDENTIFYING yellow potion
  2416 | D:2      | 2416 ||| DROPPING potion of magic.
  2417 | D:2      | 2417 ||| DROPPING scroll of butterflies.
  2418 | D:2      | 2418 ||| DROPPING potion of invisibility.
  2605 | D:3      | 2605 ||| Stepping ~*~*~tactically~*~*~ (stealth).
  2609 | D:3      | 2609 ||| Stepping ~*~*~tactically~*~*~ (stealth).
  2654 | D:3      | Found a glowing silver altar of Zin.
  2654 | D:3      | Found a radiant altar of Vehumet.
  2919 | D:3      | 2919 ||| Stepping ~*~*~tactically~*~*~ (hiding).
  3050 | D:3      | Reached skill level 3 in Armour
  3083 | D:3      | Noticed Terence
  3086 | D:3      | 3086 ||| INVOKING Berserk.
  3089 | D:3      | Killed Terence
  3200 | D:3      | 3200 ||| DROPPING +0 whip.
  3217 | D:3      | 3217 ||| Stepping ~*~*~tactically~*~*~ (stealth).
  3221 | D:3      | 3221 ||| Stepping ~*~*~tactically~*~*~ (stealth).
  3223 | D:3      | 3223 ||| Stepping ~*~*~tactically~*~*~ (stealth).
  3271 | D:3      | 3271 ||| INVOKING Berserk.
  3402 | D:3      | 3402 ||| READING 3 scrolls of enchant weapon.
  3402 | D:3      | 3402 ||| ENCHANTING +2 hand axe.
  3403 | D:3      | 3403 ||| READING 2 scrolls of enchant weapon.
  3403 | D:3      | 3403 ||| ENCHANTING +3 hand axe.
  3404 | D:3      | 3404 ||| READING scroll of enchant weapon.
  3404 | D:3      | 3404 ||| ENCHANTING +4 hand axe.
  3412 | D:3      | Found a shimmering altar of Xom.
  3525 | D:3      | Noticed Jessica
  3530 | D:3      | 3530 ||| INVOKING Berserk.
  3531 | D:3      | Killed Jessica
  3721 | D:3      | Reached XP level 7. HP: 58/60 MP: 6/6
  3737 | D:3      | Reached skill level 9 in Axes
  3900 | D:3      | 3900 ||| DROPPING amulet of magic regeneration.
  3901 | D:3      | 3901 ||| UPGRADING to +4 ring of slaying {mikee}.
  3902 | D:3      | 3902 ||| READING scroll labelled RIPRIE ROATUA.
  3903 | D:3      | 3903 ||| READING scroll labelled MUGHAOST JEAJU.
  3904 | D:3      | 3904 ||| READING 2 scrolls of identify.
  3904 | D:3      | 3904 ||| IDENTIFYING silvery potion
  3905 | D:3      | 3905 ||| Stepping randomly (stuck).
  3906 | D:3      | 3906 ||| Stepping ~*~*~tactically~*~*~ (cloud).
  4106 | D:4      | Noticed Eustachio
  4112 | D:4      | 4112 ||| Stepping ~*~*~tactically~*~*~ (hiding).
  4114 | D:4      | 4114 ||| INVOKING Berserk.
  4123 | D:4      | 4123 ||| Stepping ~*~*~tactically~*~*~ (hiding).
  4137 | D:4      | Killed Eustachio
  4138 | D:4      | Reached skill level 6 in Fighting
  4244 | D:4      | Noticed Duvessa
  4256 | D:4      | Killed Duvessa
  4259 | D:4      | Noticed Dowan
  4260 | D:4      | 4260 ||| Stepping ~*~*~tactically~*~*~ (stealth).
  4275 | D:4      | 4275 ||| Stepping ~*~*~tactically~*~*~ (hiding).
  4279 | D:4      | 4279 ||| INVOKING Berserk.
  4284 | D:4      | Killed Dowan
  4659 | D:4      | 4659 ||| INVOKING Berserk.
  4661 | D:4      | Reached skill level 10 in Axes
  4838 | D:4      | Identified the +5 scale mail of Ehamuig {rPois rCorr Str+3
                  | Int-5}
  4929 | D:4      | Reached XP level 8. HP: 70/70 MP: 7/7
  5000 | D:4      | Noticed Menkaure
  5001 | D:4      | 5001 ||| FLEEEEING.
  5002 | D:4      | 5002 ||| FLEEEEING.
  5003 | D:4      | 5003 ||| FLEEEEING.
  5004 | D:4      | 5004 ||| FLEEEEING.
  5017 | D:4      | 5017 ||| FLEEEEING.
  5018 | D:4      | 5018 ||| FLEEEEING.
  5019 | D:4      | 5019 ||| FLEEEEING.
  5033 | D:4      | 5033 ||| FLEEEEING.
  5034 | D:4      | 5034 ||| FLEEEEING.
  5035 | D:4      | 5035 ||| FLEEEEING.
  5036 | D:4      | 5036 ||| FLEEEEING.
  5037 | D:4      | 5037 ||| FLEEEEING.
  5038 | D:4      | 5038 ||| FLEEEEING.
  5039 | D:4      | 5039 ||| FLEEEEING.
  5040 | D:4      | 5040 ||| FLEEEEING.
  5041 | D:4      | 5041 ||| FLEEEEING.
  5042 | D:4      | 5042 ||| FLEEEEING.
  5044 | D:4      | 5044 ||| FLEEEEING.
  5045 | D:4      | 5045 ||| FLEEEEING.
  5051 | D:4      | 5051 ||| INVOKING Berserk.
  5053 | D:4      | Killed Menkaure
  5360 | D:4      | 5360 ||| READING scroll labelled YDWUEM PEPP.
  5361 | D:4      | 5361 ||| READING scroll labelled RAMIRE UCUERGHA.
  5362 | D:4      | 5362 ||| READING scroll labelled KUAKODEIBYURGH.
  5363 | D:4      | 5363 ||| READING scroll labelled LUMUFA DAEDWA.
  5422 | D:5      | Entered Level 5 of the Dungeon
  5580 | D:5      | 5580 ||| INVOKING Berserk.
  5642 | D:5      | Reached skill level 11 in Axes
  5790 | D:5      | Noticed Prince Ribbit
  5792 | D:5      | 5792 ||| INVOKING Berserk.
  5799 | D:5      | Killed Prince Ribbit
  5912 | D:5      | 5912 ||| Stepping ~*~*~tactically~*~*~ (hiding).
  6253 | D:5      | 6253 ||| DRINKING 4 potions of curing.
  6253 | D:5      | 6253 ||| (to cure confusion)
  6458 | D:5      | 6458 ||| READING scroll labelled MULADOME LYTS.
  6463 | D:5      | 6463 ||| DRINKING 2 dark potions.
  6516 | D:6      | Found an iron altar of Okawaru.
  6620 | D:6      | 6620 ||| INVOKING Berserk.
  6630 | D:6      | 6630 ||| Stepping ~*~*~tactically~*~*~ (cloud).
  6967 | D:6      | Reached skill level 12 in Axes
  6979 | D:6      | 6979 ||| SWAPPING to +0 war axe.
  6980 | D:6      | 6980 ||| DROPPING +5 hand axe.
  7046 | D:6      | Found a staircase to the Ecumenical Temple.
  7114 | D:6      | Found a basalt altar of Yredelemnul.
  7272 | D:6      | 7272 ||| UPGRADING to +6 ring of strength.
  7273 | D:6      | 7273 ||| READING 3 scrolls of identify.
  7273 | D:6      | 7273 ||| IDENTIFYING glowing black potion
  7274 | D:6      | 7274 ||| READING 2 scrolls of identify.
  7274 | D:6      | 7274 ||| IDENTIFYING amethyst potion
  7275 | D:6      | 7275 ||| DROPPING potion of lignification.
  7310 | D:7      | Reached XP level 9. HP: 66/78 MP: 8/8
  7363 | D:7      | 7363 ||| Stepping ~*~*~tactically~*~*~ (hiding).
  7364 | D:7      | 7364 ||| Stepping ~*~*~tactically~*~*~ (hiding).
  7365 | D:7      | 7365 ||| Stepping ~*~*~tactically~*~*~ (hiding).
  7528 | D:7      | Reached *** piety under Trog
  7535 | D:7      | 7535 ||| INVOKING Berserk.
  7554 | D:7      | 7554 ||| Stepping ~*~*~tactically~*~*~ (stealth).
  7814 | D:7      | Found a runed translucent door.
  7814 | D:7      | Noticed qw's ghost (amateur MiFi)
  7901 | D:7      | Noticed a gargoyle
  7909 | D:7      | Killed a gargoyle
  7910 | D:7      | Reached skill level 13 in Axes
  8058 | D:7      | 8058 ||| Stepping ~*~*~tactically~*~*~ (stealth).
  8059 | D:7      | 8059 ||| Stepping ~*~*~tactically~*~*~ (stealth).
  8061 | D:7      | 8061 ||| Stepping ~*~*~tactically~*~*~ (stealth).
  8065 | D:7      | 8065 ||| Stepping ~*~*~tactically~*~*~ (stealth).
  8157 | D:7      | Reached skill level 3 in Throwing
  8614 | D:7      | 8614 ||| READING scroll labelled LICLAI HISAUTH.
  8751 | D:7      | 8751 ||| READING 2 scrolls of identify.
  8751 | D:7      | 8751 ||| IDENTIFYING golden potion
  8752 | D:7      | 8752 ||| DROPPING potion of flight.
  8780 | D:8      | 8780 ||| Stepping ~*~*~tactically~*~*~ (stealth).
  8783 | D:8      | 8783 ||| Stepping ~*~*~tactically~*~*~ (stealth).
  8785 | D:8      | 8785 ||| Stepping ~*~*~tactically~*~*~ (hiding).
  8847 | D:8      | 8847 ||| Stepping ~*~*~tactically~*~*~ (hiding).
  8954 | D:8      | Noticed Grum
  8958 | D:8      | Reached skill level 3 in Dodging
  8961 | D:8      | Reached skill level 6 in Armour
  8961 | D:8      | 8961 ||| INVOKING Berserk.
  8962 | D:8      | Paralysed by a hornet for 1 turns
  8968 | D:8      | Killed Grum
  8969 | D:8      | Reached XP level 10. HP: 62/88 MP: 9/9
  9169 | D:8      | Found Golioh's Distillery.
  9172 | D:8      | 9172 ||| Stepping ~*~*~tactically~*~*~ (stealth).
  9182 | D:8      | Reached skill level 14 in Axes
  9184 | D:8      | Noticed Gastronok
  9188 | D:8      | 9188 ||| Stepping ~*~*~tactically~*~*~ (hiding).
  9194 | D:8      | 9194 ||| INVOKING Berserk.
  9203 | D:8      | Killed Gastronok
  9204 | D:8      | Reached skill level 15 in Axes
  9397 | D:8      | 9397 ||| BUYING potion of cancellation (104 gold).
  9397 | D:8      | Bought a potion of cancellation for 104 gold pieces
  9397 | D:8      | 9397 ||| BUYING potion of curing (39 gold).
  9397 | D:8      | Bought a potion of curing for 39 gold pieces
  9397 | D:8      | 9397 ||| BUYING potion of heal wounds (65 gold).
  9397 | D:8      | Bought a potion of heal wounds for 65 gold pieces
  9397 | D:8      | 9397 ||| BUYING potion of heal wounds (65 gold).
  9397 | D:8      | Bought a potion of heal wounds for 65 gold pieces
  9397 | D:8      | 9397 ||| BUYING potion of heal wounds (65 gold).
  9397 | D:8      | Bought a potion of heal wounds for 65 gold pieces
  9412 | D:8      | 9412 ||| Stepping ~*~*~tactically~*~*~ (stealth).
  9654 | D:8      | Found a blossoming altar of Fedhas.
  9676 | D:8      | Reached skill level 9 in Fighting
  9810 | D:8      | 9810 ||| UPGRADING to +2 hat of see invisible.
  9815 | D:8      | 9815 ||| READING scroll labelled AVEIXO TAREGUI.
  9816 | D:8      | 9816 ||| READING scroll labelled NULETT ZETTAE.
  9992 | D:8      | 9992 ||| DRINKING 3 lumpy pink potions.
  9992 | D:8      | Gained mutation: Your flesh is cold resistant. (rC+)
                  | [potion of mutation]
  9992 | D:8      | Lost mutation: Your flesh is cold resistant. (rC+) [potion
                  | of mutation]
  9992 | D:8      | Gained mutation: You occasionally lose the ability to read
                  | scrolls when taking damage. [potion of mutation]
  9993 | D:8      | 9993 ||| DRINKING 2 potions of mutation.
  9993 | D:8      | Lost mutation: You occasionally lose the ability to read
                  | scrolls when taking damage. [potion of mutation]
  9993 | D:8      | Gained mutation: You are dopey. (Int -2) [potion of
                  | mutation]
  9994 | D:8      | 9994 ||| READING 3 scrolls of identify.
  9994 | D:8      | 9994 ||| IDENTIFYING clear potion
  9995 | D:8      | 9995 ||| READING 2 scrolls of identify.
  9995 | D:8      | 9995 ||| IDENTIFYING smoky grey potion
  9996 | D:8      | 9996 ||| DROPPING potion of degeneration.
  9997 | D:8      | 9997 ||| DROPPING potion of attraction.
 10123 | D:9      | 10123 ||| Stepping ~*~*~tactically~*~*~ (stealth).
 10135 | D:9      | 10135 ||| INVOKING Berserk.
 10427 | D:9      | 10427 ||| INVOKING Berserk.
 10563 | D:9      | 10563 ||| INVOKING Berserk.
 10770 | D:9      | Found a shimmering blue altar of Sif Muna.
 10843 | D:9      | Reached skill level 16 in Axes
 10845 | D:9      | 10845 ||| Stepping ~*~*~tactically~*~*~ (stealth).
 10851 | D:9      | Found a white marble altar of Elyvilon.
 10904 | D:9      | Reached **** piety under Trog
 11151 | D:9      | 11151 ||| UPGRADING to amulet of regeneration.
 11233 | D:10     | Entered Level 10 of the Dungeon
 11233 | D:10     | Found a bloodstained altar of Trog.
 11236 | D:10     | 11236 ||| Stepping ~*~*~tactically~*~*~ (stealth).
 11244 | D:10     | 11244 ||| Stepping ~*~*~tactically~*~*~ (hiding).
 11246 | D:10     | 11246 ||| INVOKING Berserk.
 11254 | D:10     | Reached XP level 11. HP: 99/99 MP: 10/10
 11292 | D:10     | 11292 ||| FLEEEEING.
 11294 | D:10     | 11294 ||| STAIRDANCE
 11412 | D:10     | Found a staircase to the Lair.
 11431 | D:10     | 11431 ||| INVOKING Berserk.
 11674 | D:10     | Found a burning altar of Makhleb.
 11801 | D:10     | Found a runed translucent gate.
 11803 | D:10     | Found a runed translucent gate.
 11803 | D:10     | Noticed qw's ghost (journeyman FoCA)
 11803 | D:10     | Noticed qw's ghost (novice MiFi)
 11806 | D:10     | Found a runed translucent gate.
 11811 | D:10     | Found a snail-covered altar of Cheibriados.
 11817 | D:10     | 11817 ||| Stepping ~*~*~tactically~*~*~ (stealth).
 11818 | D:10     | 11818 ||| Stepping ~*~*~tactically~*~*~ (stealth).
 11822 | D:10     | 11822 ||| Stepping ~*~*~tactically~*~*~ (stealth).
 11941 | D:10     | Found a shadowy altar of Dithmenos.
 12028 | D:10     | 12028 ||| Stepping ~*~*~tactically~*~*~ (hiding).
 12029 | D:10     | 12029 ||| Stepping ~*~*~tactically~*~*~ (hiding).
 12072 | D:10     | Noticed a two-headed ogre
 12074 | D:10     | 12074 ||| INVOKING Berserk.
 12076 | D:10     | Killed a two-headed ogre
 12359 | D:10     | 12359 ||| READING 2 scrolls labelled EQEMNO ZUBB.
 12360 | D:10     | 12360 ||| PLANNING LAIR
 12360 | D:10     | 12360 ||| READING scroll labelled LENKEI UBREQU.
 12361 | D:10     | 12361 ||| READING 3 scrolls of identify.
 12361 | D:10     | 12361 ||| IDENTIFYING fizzy black potion
 12362 | D:10     | 12362 ||| DROPPING scroll of magic mapping.
 12363 | D:10     | 12363 ||| DROPPING potion of ambrosia.
 12384 | Lair:1   | Entered Level 1 of the Lair of Beasts
 12388 | Lair:1   | 12388 ||| INVOKING Berserk.
 12635 | Lair:1   | Reached skill level 9 in Armour
 12702 | Lair:1   | 12702 ||| Stepping ~*~*~tactically~*~*~ (stealth).
 12703 | Lair:1   | 12703 ||| Stepping ~*~*~tactically~*~*~ (stealth).
 12704 | Lair:1   | 12704 ||| Stepping ~*~*~tactically~*~*~ (stealth).
 12705 | Lair:1   | 12705 ||| INVOKING Berserk.
 12713 | Lair:1   | Reached skill level 12 in Fighting
 12872 | Lair:1   | Noticed a boulder beetle
 12873 | Lair:1   | 12873 ||| INVOKING Berserk.
 12885 | Lair:1   | Killed a boulder beetle
 12999 | Lair:1   | 12999 ||| Stepping ~*~*~tactically~*~*~ (stealth).
 13064 | Lair:1   | 13064 ||| DRINKING potion of cancellation.
 13253 | Lair:1   | 13253 ||| UPGRADING to +0 tower shield.
 13279 | Lair:2   | Found a staircase to the Shoals.
 13305 | Lair:2   | 13305 ||| INVOKING Berserk.
 13308 | Lair:2   | Reached skill level 1 in Shields
 13369 | Lair:2   | Reached skill level 3 in Shields
 13377 | Lair:2   | Reached XP level 12. HP: 95/112 MP: 11/11
 13462 | Lair:2   | Found a hole to the Spider Nest.
 13463 | Lair:2   | Noticed Sonja
 13472 | Lair:2   | 13472 ||| INVOKING Berserk.
 13475 | Lair:2   | HP: 24/105 [poisoned by a black mamba]
 13476 | Lair:2   | 13476 ||| READING 2 scrolls of teleportation.
 13476 | Lair:2   | HP: 11/105 [poisoned by a black mamba]
 13476 | Lair:2   | HP: 1/105 [jumping spider (10)]
 13476 | Lair:2   | Blown up by Sonja

Levels and vault maps discovered:
D:1:      evilmike_arrival_crescent, layout_rooms, serial_rivers,
          chequers_serial_rivers_large_a, chequers_serial_rivers_marsh,
          chequers_serial_rivers_micro_d, chequers_serial_rivers_large_b,
          chequers_serial_rivers_marsh, chequers_serial_rivers_micro_e,
          kennysheep_minor_cross, minmay_hedge_maze
D:2:      layout_basic, dreamdust_ecumenical_altar_sealed_demon, uniq_sigmund,
          uniq_crazy_yiuf_cottage, uniq_natasha
D:3:      layout_loops_corners, xom_teletrap_fun, minitemple, roderic_batcave,
          kennysheep_generic_room_12, uniq_terence, uniq_jessica
D:4:      layout_cave_pods, uniq_menkaure, uniq_eustachio, uniq_duvessa
D:5:      layout_gridville, glass_columns_b, uniq_prince_ribbit1
D:6:      layout_loops_ring, kennysheep_okawaru_gauntlet,
          lemuel_zombie_altar_yredelemnul, minmay_temple_entry_junction_2
D:7:      layout_gridville, gammafunk_ghost_grave, minmay_misc_feat_plants,
          minmay_fountain_box, kennysheep_path_1, grunt_ministairs_3
D:8:      layout_rooms, mainiacjoe_overflow_catwalk, serial_shops,
          nicolae_diamond_shop, uniq_grum, uniq_gastronok
D:9:      layout_basic, mainiacjoe_overflow_surrounded_room, lemuel_tele_altar
D:10:     layout_rooms, mainiacjoe_overflow_alcove_2,
          nicolae_dithmenos_the_darkroom, amcnicky_altar_gilded, slow_altar_1,
          minmay_lair_entry_grove, gammafunk_ghost_cemetery,
          chequers_serial_rivers_room_a, nicolae_elevator_lobby_asterisk
Lair:1:   layout_hall_layers, nzn_sisyphean_effort, infiniplex_staircase_pool_2,
          grunt_megastairs_4
Lair:2:   layout_cave_pods, elwin_shoals_entry_rocks,
          nicolae_spider_entry_tight_spaces, lemuel_fruit_fields, uniq_sonja

Skill      XL: |  1  2  3  4  5  6  7  8  9 10 11 12 |
---------------+-------------------------------------+-----
Axes           | 4 7 8 10 12 13 16 | 16.0
Fighting       | 4 6 8 10 12 | 12.0
Armour         | 3 4 5 6 7 9 |  9.9
Throwing       | 2 3 4 |  4.2
Dodging        | 3 5 |  5.7
Shields        | 3 4 |  4.6

Action                   |  1- 3 |  4- 6 |  7- 9 | 10-12 || total
-------------------------+-------+-------+-------+-------++-------
Melee: Hand axe          |    55 |    75 |    87 |       ||   217
       Headbutt          |     7 |    12 |    31 |    56 ||   106
       War axe           |       |       |    73 |   238 ||   311
       Punch             |       |       |     2 |     2 ||     4
Throw: Boomerang         |     3 |    56 |    31 |    40 ||   130
       Javelin           |       |       |    11 |    21 ||    32
Invok: Berserk           |     2 |     4 |     9 |    12 ||    27
  Use: Scroll            |     2 |     8 |    12 |     8 ||    30
       Potion            |       |     1 |     2 |     3 ||     6
Armor: Animal skin       |     4 |       |       |       ||     4
       Ring mail         |    13 |     8 |       |       ||    21
       Plate armour      |       |    12 |   111 |   139 ||   262
Dodge: Dodged            |    45 |    20 |    65 |    90 ||   220
       Repelled          |       |       |     3 |       ||     3
Block: Tower shield      |       |       |       |    27 ||    27

Table legend:
 A = Non-vault XP
 B = Vault XP
 C = Vault XP percentage of total XP
 D = Non-vault monster count
 E = Vault monster count
 F = Vault count percentage of total count
                 A         B        C        D         E       F
            +---------+---------+-------+---------+---------+-------
      Total |   14959 |    7791 |  34.2 |     206 |      46 |  18.3
            +---------+---------+-------+---------+---------+-------
        D:1 |      37 |       0 |   0.0 |      19 |       0 |   0.0
        D:2 |     171 |     278 |  61.9 |      23 |       2 |   8.0
        D:3 |      60 |     268 |  81.7 |      15 |      11 |  42.3
        D:4 |     264 |     586 |  68.9 |      10 |       4 |  28.6
        D:5 |     455 |     277 |  37.8 |      14 |       1 |   6.7
        D:6 |     302 |      61 |  16.8 |       7 |       2 |  22.2
        D:7 |    1715 |     103 |   5.7 |      22 |       1 |   4.3
        D:8 |    1449 |    2019 |  58.2 |      20 |       5 |  20.0
        D:9 |    2109 |       0 |   0.0 |      18 |       0 |   0.0
       D:10 |    2152 |    2261 |  51.2 |      22 |      14 |  38.9
     Lair:1 |    3962 |    1938 |  32.8 |      24 |       6 |  20.0
     Lair:2 |    2283 |       0 |   0.0 |      12 |       0 |   0.0
            +---------+---------+-------+---------+---------+-------
